AoeStats
← KND

MegaRandom

509775738Analyzed
4v4 RM · 3d ago on Sep 28, 2026· 28m 18s· 8 players
Game mode
Random Map
Map size
Large (8 player)
Population
200
Speed
Normal
Resources
Standard
Victory
Conquest
Starting age
Dark Age
Ending age
Imperial Age
RankedLock teamsTeams togetherTeam positionsShared explorationLock speedFull tech treeHidden civsTurbo modeCheats
Victory
Defeat
🇨🇦 Saxons · Canada
1549
+13
🇨🇦 Malay · Canada
1540
+14
🇺🇸 Persians · United States
1520
+14
🇵🇪 Hindustanis · Peru
1484
+16
🇨🇳 Varangians · China
1541
-16
🇧🇷 Britons · Brazil
1501
-15
🇹🇼 Byzantines · Taiwan
1452
-13
🇨🇳 Mongols · China
1443
-13
Almost600
6:17 Loom
8:42 Feudal Age
9:43 Double-Bit Axe
15:00 Scale Barding Armor
17:25 Wheelbarrow
17:12 Horse Collar
20:14 Castle Age
18:50 Forging
19:34 Bloodlines
19:44 Gold Mining
20:54 Husbandry
21:17 Chain Barding Armor
22:41 Hand Cart
25:30 Bow Saw
26:58 Heavy Plow
27:43 Iron Casting
sfcwallace
10:05 Loom
12:07 Feudal Age
13:06 Double-Bit Axe
15:21 Fletching
18:41 Castle Age
17:14 Gold Mining
19:01 Padded Archer Armor
18:45 Crossbowman
19:45 Bodkin Arrow
21:59 Ballistics
22:16 Bow Saw
25:42 Wheelbarrow
24:49 Fishing Lines
29:41 Imperial Age
28:30 Gold Shaft Mining
27:49 Horse Collar
GAX | This Game Isnt Fun
8:20 Loom
11:07 Feudal Age
10:49 Double-Bit Axe
16:14 Fletching
22:03 Castle Age
21:02 Crossbowman
21:42 Bodkin Arrow
23:36 Ballistics
24:09 Gold Mining
27:48 Town Watch
Manuel24
8:02 Loom
11:14 Feudal Age
13:32 Scale Barding Armor
15:04 Bloodlines
15:30 Forging
16:18 Double-Bit Axe
18:04 Wheelbarrow
22:13 Castle Age
20:34 Horse Collar
21:02 Fishing Lines
22:46 Gold Mining
23:49 Gillnets
25:12 Bow Saw
28:25 Hand Cart
Whale
2:36 Loom
7:08 Loom
9:43 Feudal Age
10:32 Double-Bit Axe
16:30 Fishing Lines
我是你大飞哥
0:29 Loom
5:51 Loom
11:13 Feudal Age
12:04 Double-Bit Axe
12:56 Bloodlines
16:16 Fishing Lines
18:01 Scale Barding Armor
2468899547
6:34 Loom
9:35 Feudal Age
10:06 Double-Bit Axe
12:30 Horse Collar
KND
9:41 Loom
11:53 Feudal Age
15:03 Castle Age
13:33 Double-Bit Axe
13:30 Horse Collar
14:23 Stone Mining
14:37 Fishing Lines
16:32 Bow Saw
20:18 Fletching
24:43 Ballistics
24:46 Bodkin Arrow
26:52 Wheelbarrow
26:23 Padded Archer Armor
28:10 Leather Archer Armor
Connection lost

Rejoining the realm…

Still unreachable

The connection could not be restored.

Session expired

The server has moved on; the page needs a fresh start.